 Dungeon Crawl Stone Soup version 0.21.2 (webtiles) character file.

483 poxvuibr the Archer (level 6, -2/48 HPs)
             Began as a Centaur Hunter on Oct 29, 2018.
             Slain by toffzen's ghost (3 damage)
             ... on level 4 of the Dungeon.
             The game lasted 00:09:44 (3064 turns).

poxvuibr the Archer (Centaur Hunter)                Turns: 3064, Time: 00:09:45

Health: -2/48      AC:  4    Str: 15    XL:     6   Next: 87%
Magic:  2/2        EV:  9    Int: 11    God:
Gold:   113        SH:  0    Dex: 10    Spells: 5/5 levels left

rFire    . . .     SeeInvis .   t - +2 short sword (antimagic)
rCold    . . .     Gourm    .   (no shield)
rNeg     . . .     Faith    .   c - +0 leather armour
rPois    .         Spirit   .   (no helmet)
rElec    .         Reflect  .   (no cloak)
rCorr    .         Harm     .   (no gloves)
MR       .....                  (no barding)
Stlth    +.........             (no amulet)
HPRegen  0.16/turn              (no ring)
MPRegen  0.08/turn              (no ring)

@: very quick
A: large, hooves 3, deformed body, speed 2, tough skin 3
a: no special abilities


You were on level 4 of the Dungeon.
You were not hungry.

You visited 1 branch of the dungeon, and saw 4 of its levels.

You collected 113 gold pieces.

Inventory:

Hand Weapons
 a - a +1 shortbow
 b - a +0 short sword
 t - a +2 antimagic short sword (weapon)
Missiles
 k - 16 sling bullets
Armour
 c - a +0 leather armour (worn)
Scrolls
 g - 2 scrolls of remove curse {unknown}
 h - 2 scrolls of enchant weapon {unknown}
 i - a scroll of identify {unknown}
 l - a scroll of amnesia {unknown}
 o - a scroll of teleportation {unknown}
 q - a scroll of enchant armour {unknown}
 r - a scroll of fear {unknown}
 s - a scroll of immolation {unknown}
 v - a scroll of fog {unknown}
Potions
 e - 3 potions of curing {unknown}
 j - 3 potions of haste {unknown}
 m - a potion of brilliance {unknown}
 n - a potion of heal wounds {unknown}
 p - 2 potions of degeneration {unknown}
 u - a potion of agility {unknown}
Comestibles
 f - 4 rations


   Skills:
 - Level 2.0 Fighting
 + Level 10.7 Bows
 - Level 1.3 Dodging
 - Level 0.4 Stealth


You had 5 spell levels left.
You didn't know any spells.

Dungeon Overview and Level Annotations

Branches:
Dungeon (4/15)
 Temple: D:4-7

Altars:
Trog

Annotations:
D:4 toffzen's ghost, novice OgTm


Innate Abilities, Weirdness & Mutations

You have hooves in place of feet.
Armour fits poorly on your strangely shaped body.
You cover ground very quickly.
You have extremely tough skin. (AC +3)


Message History

You are too injured to fight recklessly!
You are too injured to fight recklessly!
You closely miss toffzen's ghost. Your kick misses toffzen's ghost.
Toffzen's ghost is lightly damaged.
Toffzen's ghost closely misses you.
You hit toffzen's ghost but do no damage.
Your kick misses toffzen's ghost.
Toffzen's ghost is lightly damaged.
Toffzen's ghost barely misses you.
The phantom blinks!
You hit toffzen's ghost.
Toffzen's ghost is lightly damaged.
Toffzen's ghost hits you. The phantom hits you!
* * * LOW HITPOINT WARNING * * *
Toffzen's ghost hits you!
* * * LOW HITPOINT WARNING * * *
You barely miss toffzen's ghost.
Toffzen's ghost is lightly damaged.
The phantom hits you but does no damage.
Toffzen's ghost hits you.
You die...

##########
(...((§..#
......(#.#
♣♣♣♣♣♣.#(# (.#W#
(♣##@# P. #W#
..♣♣##.# ♣♣♣♣.##.#
#.#.##.# #####
#.#.##.## P....
#.#...(.#
#..♣..#.##.#..####
#..♣...P......#


You could see a phantom and toffzen's ghost.

Vanquished Creatures
  A sky beast (D:3)
  2 eyes of draining (D:3)
  An orc priest (D:3)
  A hound skeleton (D:4)
  A gnoll (D:3)
  8 adders
  4 worms (D:2)
  4 dart slugs
  4 orcs (D:3)
  7 bats
  A giant cockroach (D:2)
  9 goblins
  6 hobgoblins
  3 jackals (D:1)
  5 frilled lizards
  10 kobolds
  6 rats
73 creatures vanquished.

Notes
Turn   | Place    | Note
-------+----------+-------------------------------------------
     0 | D:1      | poxvuibr the Centaur Hunter began the quest for the Orb.
     0 | D:1      | Reached XP level 1. HP: 17/17 MP: 1/1
   114 | D:1      | Reached skill level 6 in Bows
   114 | D:1      | Reached XP level 2. HP: 24/24 MP: 2/2
   711 | D:1      | Reached XP level 3. HP: 26/29 MP: 3/3
   936 | D:2      | Reached skill level 7 in Bows
  1156 | D:2      | Reached XP level 4. HP: 36/36 MP: 4/4
  2081 | D:3      | Reached skill level 8 in Bows
  2096 | D:3      | Found a bloodstained altar of Trog.
  2098 | D:3      | Noticed an eye of draining
  2099 | D:3      | Noticed an eye of draining
  2112 | D:3      | Killed an eye of draining
  2112 | D:3      | Reached skill level 9 in Bows
  2112 | D:3      | Reached XP level 5. HP: 41/41 MP: 0/5
  2120 | D:3      | Killed an eye of draining
  2120 | D:3      | Reached XP level 6. HP: 48/48 MP: 0/6
  2307 | D:3      | Reached skill level 10 in Bows
  2846 | D:3      | Noticed a sky beast
  2864 | D:3      | Killed a sky beast
  3039 | D:4      | Noticed toffzen's ghost (novice OgTm)
  3063 | D:4      | HP: 1/48 [toffzen's ghost (8)]
  3064 | D:4      | Slain by toffzen's ghost

Skill      XL: |  1  2  3  4  5  6 |
---------------+-------------------+-----
Bows           | 6 7 9 10 | 10.7
Fighting       | |  2.0
Dodging        | |  1.3
Stealth        | |  0.4

Action                   |  1- 3 |  4- 6 || total
-------------------------+-------+-------++-------
Melee: Short sword       |       |    16 ||    16
       Kick              |       |     5 ||     5
 Fire: Shortbow          |   127 |   154 ||   281
  Eat: Chunk             |       |     4 ||     4
Armor: Leather armour    |    22 |    19 ||    41
Dodge: Dodged            |    20 |    28 ||    48
